 Dungeon Sprint DCSS version 0.23-a0-147-g7935be9 (webtiles) character file.

52 Fang the Skirmisher (level 3, -1/27 HPs)
             Began as a Gargoyle Berserker on Sept 6, 2018.
             Was a Priest of Trog.
             Slain by a phantom (6 damage)
             ... in the Dungeon (Sprint VII: "The Pits").
             The game lasted 00:00:46 (589 turns).

Fang the Skirmisher (Gargoyle Berserker)             Turns: 589, Time: 00:00:46

Health: -1/27      AC:  5    Str: 21    XL:     3   Next: 85%
Magic:  3/3        EV: 12    Int:  7    God:    Trog [***...]
Gold:   0          SH:  0    Dex:  9    Spells: 2/2 levels left

rFire    . . .     SeeInvis .   j - +2 hand axe (chop)
rCold    . . .     Gourm    .   (no shield)
rNeg     + . .     Faith    .   b - +0 animal skin
rPois    ∞         Spirit   .   (no helmet)
rElec    +         Reflect  .   (no cloak)
rCorr    .         Harm     .   (no gloves)
MR       .....     NoTele   +   (no boots)
Stlth    +.........             (no amulet)
HPRegen  0.09/turn              (no ring)
MPRegen  0.08/turn              (no ring)

@: no status effects
A: negative energy resistance 1, electricity resistance, unbreathing,
petrification resistance, rot immunity, AC +3
a: Berserk, Trog's Hand, Renounce Religion


You were in the Dungeon.
You worshipped Trog.
Trog was most pleased with you.
You were not hungry.

You visited 1 branch

Inventory:

Hand Weapons
 j - a +2 hand axe of chopping (weapon)
Armour
 b - a +0 animal skin (worn)
Scrolls
 i - a scroll of blinking
 k - 3 scrolls of remove curse
 l - a scroll of summoning
Potions
 a - 2 potions of invisibility
 d - 6 potions of curing
 e - 6 potions of heal wounds
 f - a potion of haste
 g - 4 potions of magic
 h - 3 potions of berserk rage
Comestibles
 c - 9 rations
 m - a chunk of flesh


   Skills:
 + Level 5.7 Fighting
 + Level 4.8 Axes
 + Level 3.2 Armour
 + Level 2.7 Dodging
 + Level 0.2 Stealth


You had 2 spell levels left.
You didn't know any spells.
Your spell library was empty.

Dungeon Overview and Level Annotations

Branches:
Dungeon (1/1)

Altars:
Cheibriados
Dithmenos
Elyvilon
Fedhas
Gozag
Hepliaklqana
Makhleb
Nemelex Xobeh
Okawaru
Qazlal
Ru
Sif Muna
Trog
Wu Jian
Xom
Yredelemnul
Zin
The Shining One
Jiyva


Innate Abilities, Weirdness & Mutations

You are resistant to torment.
Your stone body is resilient. (AC +3)
You are immune to poison.
You resist negative energy. (rN+)
You are resistant to electric shocks. (rElec)
You can survive without breathing.
You are immune to petrification.
You are immune to rotting.


Message History

The phantom barely misses you.
The phantom blinks!
There is an open door here.
Unknown command.
The phantom blinks!
Unknown command.
The phantom hits you.
Unknown command.
You slash the phantom!
The phantom is heavily damaged.
You closely miss the phantom. The phantom hits you.
The phantom blinks!
The phantom hits you.
* * * LOW HITPOINT WARNING * * *
The phantom blinks!
Unknown command.
You barely miss the phantom.
The phantom is heavily damaged.
You closely miss the phantom.
The phantom hits you but does no damage.
The phantom hits you.
You die...

#..........)'.....
#'#####[#####.....
#.#..#.....##.....
#.#))#####)#####'#
#.#))#.....##.....
#.#))#.....##.....
#.#[[###'####.....
#W##'#..†).##...<.
#@#........##.....
#W#........##.....
#b###########.....
#5......# ######
#.......#
#...#...# #..##
..# #... .# #....
#


You could see 2 phantoms, an iron imp and a bat.

Vanquished Creatures
  An iron imp (D)
  2 ufetubi (D)
  An ooze (D)
  2 orcs (D)
  A ball python (D)
  A hobgoblin (D)
  A kobold (D)
  A giant cockroach zombie (D)
10 creatures vanquished.

Notes
Turn   | Place    | Note
-------+----------+-------------------------------------------
     0 | D        | Fang the Gargoyle Berserker began the quest for the Orb.
     0 | D        | Reached XP level 1. HP: 14/14 MP: 1/1
   155 | D        | Found a bloodstained altar of Trog.
   155 | D        | Found a deep blue altar of Sif Muna.
   155 | D        | Found a viscous altar of Jiyva.
   155 | D        | Found a hazy altar of Hepliaklqana.
   155 | D        | Found an opulent altar of Gozag.
   156 | D        | Found a glowing golden altar of the Shining One.
   156 | D        | Found a glowing silver altar of Zin.
   156 | D        | Found a basalt altar of Yredelemnul.
   156 | D        | Found a shimmering altar of Xom.
   156 | D        | Found an ornate altar of the Wu Jian Council.
   156 | D        | Found a sacrificial altar of Ru.
   156 | D        | Found a stormy altar of Qazlal.
   156 | D        | Found an iron altar of Okawaru.
   156 | D        | Found a sparkling altar of Nemelex Xobeh.
   156 | D        | Found a burning altar of Makhleb.
   156 | D        | Found a blossoming altar of Fedhas.
   156 | D        | Found a white marble altar of Elyvilon.
   156 | D        | Found a shadowy altar of Dithmenos.
   156 | D        | Found a snail-covered altar of Cheibriados.
   200 | D        | Reached ** piety under Trog
   200 | D        | Reached skill level 4 in Fighting
   200 | D        | Reached XP level 2. HP: 14/20 MP: 2/2
   367 | D        | Reached *** piety under Trog
   371 | D        | Reached skill level 5 in Fighting
   371 | D        | Reached XP level 3. HP: 19/26 MP: 3/3
   579 | D        | Noticed a phantom
   579 | D        | Noticed a phantom
   589 | D        | Slain by a phantom

Vault maps used:
D:        pitsprint

Skill      XL: |  1  2 |
---------------+-------+-----
Axes           | 3 4 |  4.8
Fighting       | 4 5 |  5.7
Dodging        | 2 |  2.7
Armour         | 3 |  3.2
Stealth        | |  0.2

Action                   || total
-------------------------++-------
Melee: Hand axe          ||    28
Invok: Berserk           ||     2
  Eat: Chunk             ||     1
Armor: Animal skin       ||    10
Dodge: Dodged            ||    28

Table legend:
 A = Non-vault XP
 B = Vault XP
 C = Vault XP percentage of total XP
 D = Non-vault monster count
 E = Vault monster count
 F = Vault count percentage of total count
                 A         B        C        D         E       F
            +---------+---------+-------+---------+---------+-------
      Total |       0 |      75 | 100.0 |       0 |      10 | 100.0
            +---------+---------+-------+---------+---------+-------
          D |       0 |      75 | 100.0 |       0 |      10 | 100.0
            +---------+---------+-------+---------+---------+-------
